 Dungeon Crawl Stone Soup version 0.26-a0-613-g4f23886233 (webtiles) character file.

Game seed: 4766454460970568290

8059 DogServant the Thaumaturge (level 11, 0/63 HPs)
             Began as a Deep Elf Conjurer on Sept 11, 2020.
             Was a Priest of Vehumet.
             Slain by a harpy zombie (15 damage)
             ... on level 10 of the Dungeon.
             The game lasted 01:00:40 (14651 turns).

DogServant the Thaumaturge (Deep Elf Conjurer)     Turns: 14651, Time: 01:00:42

Health: 0/63       AC:  3    Str:  4    XL:     11   Next: 4%
Magic:  33/37      EV: 16    Int: 27    God:    Vehumet [***...]
Gold:   622        SH:  0    Dex: 13    Spells: 18/33 levels left

rFire    . . .     SeeInvis .   M - +1 dagger (venom)
rCold    . . .     Faith    .   (no shield)
rNeg     . . .     Spirit   .   a - +1 robe
rPois    .         Reflect  .   (no helmet)
rElec    .         Harm     .   (no cloak)
rCorr    .         Clarity  +   (no gloves)
MR       +....                  (no boots)
Stlth    +++.......             (no amulet)
HPRegen  0.20/turn              v - ring of magical power
MPRegen  0.25/turn              y - ring of stealth

@: no status effects
A: blurry vision 1, clarity
a: Renounce Religion


You were on level 10 of the Dungeon.
You worshipped Vehumet.
Vehumet was most pleased with you.
You visited 1 branch of the dungeon, and saw 11 of its levels.

You collected 622 gold pieces.

Inventory:

Hand Weapons
 E - a +4 great sword of freezing
 M - a +1 dagger of venom (weapon)
Missiles
 c - 5 atropa-tipped darts (quivered)
Armour
 a - a +1 robe (worn)
 d - a +1 pair of gloves
 f - a +2 cloak
 i - a cursed +0 pair of boots
 w - a +0 cloak
Jewellery
 v - a ring of magical power (left hand)
 y - a ring of stealth (right hand)
Wands
 b - a wand of random effects (43)
 j - a wand of acid (15)
 q - a wand of flame (62)
 x - a wand of disintegration (15)
 H - a wand of iceblast (7)
Scrolls
 l - 5 scrolls of teleportation
 n - 2 scrolls of magic mapping
 o - a scroll of enchant weapon
 r - 4 scrolls of amnesia
 u - 3 scrolls of enchant armour
 D - 2 scrolls of immolation
 F - a scroll of fog {unknown}
 G - a scroll of blinking
 I - a scroll of silence {unknown}
 K - a scroll of vulnerability {unknown}
 L - a scroll of remove curse
Potions
 e - 7 potions of flight
 g - 2 potions of ambrosia
 h - a potion of cancellation
 k - 2 potions of heal wounds
 m - 3 potions of brilliance
 p - a potion of magic {unknown}
 s - a potion of berserk rage {unknown}
 t - 2 potions of haste
 z - 3 potions of might {unknown}
 A - a potion of stabbing {unknown}
 B - a potion of degeneration {unknown}
 C - a potion of resistance {unknown}


   Skills:
 + Level 5.0 Fighting
 + Level 7.0 Dodging
 - Level 2.4 Stealth
 + Level 11.7 Spellcasting
 + Level 10.8 Conjurations
 + Level 7.2 Hexes
 + Level 5.9 Translocations


You had 18 spell levels left.
You knew the following spells:

 Your Spells              Type           Power        Failure   Level
a - Magic Dart            Conj           ####         1%          1
b - Searing Ray           Conj           ######       1%          2
c - Dazzling Flash        Conj/Hex       ######       1%          3
d - Fulminant Prism       Conj/Hex       ######....   1%          4
e - Iskenderun's Mystic   Conj/Tloc      ######..     1%          4
f - Shock                 Conj/Air       ####         1%          1

Your spell library contained the following spells:

 Spells                   Type           Power        Failure   Level
 Inner Flame              Hex/Fire       #####...     1%          3
 Apportation              Tloc           #####.       1%          1
 Corona                   Hex            ######.      1%          1
 Animate Skeleton         Necr           ###...       3%          1
 Summon Small Mammal      Summ           ###.         3%          1


Dungeon Overview and Level Annotations

Branches:
Dungeon (11/15)            Temple (0/1) D:7
   Lair: D:8-11         Orc: D:9-12

Altars:
Ashenzari
Dithmenos
Kikubaaqudgha
Makhleb
Vehumet
Zin

Shops:
D:5 *


Innate Abilities, Weirdness & Mutations

Scrolls take you a little longer to read.
You possess an exceptional clarity of mind.


Message History

The harpy zombie is moderately damaged. (Press . to maintain the ray.)
The harpy zombie misses you. The harpy zombie claws you.
The searing ray hits the harpy zombie!
The harpy zombie is heavily damaged.
The harpy zombie claws you but does no damage.
The harpy zombie claws you! The harpy zombie completely misses you.
The harpy zombie claws you.
The searing ray hits the harpy zombie!
The harpy zombie is severely damaged.
The harpy zombie claws you! The harpy zombie closely misses you.
The harpy zombie claws you! The harpy zombie claws you.
The searing ray hits the harpy zombie!
The harpy zombie is almost destroyed.
You finish channeling your searing ray.
The harpy zombie claws you!
* * * LOW HITPOINT WARNING * * *
The harpy zombie claws you.
* * * LOW HITPOINT WARNING * * *
The harpy zombie claws you!
You die...

...####.....# #.#
............# #.#
...####.###.# #.# #.##
#.###)## #.#
..#####.##...###### #.#
#(.........#......# #.#
##.####.##...####.# #.#
##.##......#####.###.##
##............@Z(....##
###.##..###.............#
....##..# #........###..#
#.#.##..###.#.(##..# #..#
.........##.#..##..# #..#
....##...##.#..##..###..#
....##..>†...........#..#
....##.#.#..#..##....#..###
.##..#.#..................#


You could see a harpy zombie.

Vanquished Creatures
  A two-headed ogre (D:9)
  2 ugly things
  A cyclops (D:10)
  A centaur zombie (D:11)
  A gargoyle (D:10)
  A hornet (D:9)
  Grinder (D:4)
  A hippogriff (D:9)
  Sigmund (D:2)
  6 yaks (D:10)
  Eustachio (D:5)
  Grum (D:5)
  An ice beast (D:10)
  3 sky beasts
  An orc warrior (D:9)
  A black bear (D:8)
  An ogre (D:6)
  An eye of draining (D:9)
  2 phantoms (D:5)
  A centaur (D:5)
  2 bullfrogs (D:6)
  A big kobold (D:11)
  4 gnoll sergeants (D:5)
  A scorpion (D:9)
  3 wights (D:7)
  2 howler monkeys
  10 electric eels
  A quasit (D:6)
  11 hounds
  2 orc priests
  4 gnoll shamans
  6 orc wizards
  3 jellies
  2 bullfrog skeletons
  2 iguanas
  Crazy Yiuf (D:2)
  Natasha (thrice) (D:3)
  6 worker ants
  An ogre zombie (D:9)
  A hound zombie (D:6)
  A hound skeleton (D:8)
  A howler monkey zombie (D:6)
  2 worker ant zombies
  30 gnolls
  12 adders
  A shadow imp (D:10)
  2 white imps
  An adder zombie (D:5)
  4 adder skeletons
  4 worms
  2 dart slugs
  A leopard gecko (D:2)
  17 orcs
  4 ball pythons
  3 giant cockroaches
  7 goblins
  3 hobgoblins
  10 jackals
  20 kobolds
  3 quokkas
  8 bats
  3 frilled lizards
  An orc skeleton (D:9)
  2 orc zombies (D:9)
  2 quokka skeletons
  12 rats
  9 fulminant prisms
260 creatures vanquished.

Vanquished Creatures (others)
  74 fulminant prisms
  A fungus (D:2)
  13 plants
88 creatures vanquished.

Grand Total: 348 creatures vanquished

Notes
Turn   | Place    | Note
-------+----------+-------------------------------------------
     0 | D:1      | DogServant the Deep Elf Conjurer began the quest for the
                  | Orb.
     0 | D:1      | Reached XP level 1. HP: 10/10 MP: 6/6
   209 | D:1      | Reached XP level 2. HP: 15/15 MP: 6/8
   414 | D:1      | Reached skill level 5 in Conjurations
  1076 | D:2      | Reached XP level 3. HP: 19/19 MP: 2/10
  1242 | D:2      | Learned a level 2 spell: Searing Ray
  1246 | D:2      | Learned a level 3 spell: Dazzling Flash
  1321 | D:2      | Noticed Sigmund
  1334 | D:2      | Found a runed translucent door.
  1335 | D:2      | Noticed Crazy Yiuf
  1341 | D:2      | Killed Crazy Yiuf
  1341 | D:2      | Reached skill level 4 in Spellcasting
  1477 | D:2      | Reached XP level 4. HP: 24/24 MP: 7/12
  1760 | D:3      | Reached skill level 5 in Spellcasting
  2047 | D:3      | Reached XP level 5. HP: 28/28 MP: 8/14
  2401 | D:3      | Noticed Natasha
  2406 | D:3      | Killed Natasha
  2486 | D:3      | Noticed Natasha
  2493 | D:3      | Killed Natasha
  2596 | D:3      | Noticed Natasha
  2600 | D:3      | Killed Natasha
  2684 | D:3      | Found an ancient bone altar of Kikubaaqudgha.
  2722 | D:4      | Reached skill level 6 in Spellcasting
  2757 | D:4      | Found a radiant altar of Vehumet.
  2784 | D:4      | Reached XP level 6. HP: 32/32 MP: 12/17
  2909 | D:4      | Noticed Grinder
  2913 | D:4      | Killed Grinder
  2913 | D:4      | Reached skill level 7 in Spellcasting
  3063 | D:4      | Reached XP level 7. HP: 36/36 MP: 15/19
  3233 | D:4      | Became a worshipper of Vehumet
  3435 | D:4      | Found a burning altar of Makhleb.
  3435 | D:4      | Noticed a cacodemon
  3438 | D:4      | Noticed an orange demon
  3438 | D:4      | Noticed an orange demon
  4133 | D:2      | Killed Sigmund
  4133 | D:2      | Reached skill level 8 in Spellcasting
  4288 | D:5      | Entered Level 5 of the Dungeon
  4531 | D:5      | Reached XP level 8. HP: 41/41 MP: 17/22
  4571 | D:5      | Learned a level 4 spell: Fulminant Prism
  4576 | D:5      | Learned a level 4 spell: Iskenderun's Mystic Blast
  4606 | D:5      | Reached skill level 9 in Spellcasting
  4858 | D:5      | Reached skill level 1 in Fighting
  4862 | D:5      | Noticed Eustachio
  4872 | D:5      | Killed Eustachio
  5209 | D:4      | Gained mutation: Scrolls take you a little longer to read.
                  | [potion of mutation]
  5209 | D:4      | Gained mutation: You possess an exceptional clarity of
                  | mind. [potion of mutation]
  5416 | D:5      | Reached * piety under Vehumet
  5416 | D:5      | Offered knowledge of Sandblast by Vehumet.
  5416 | D:5      | Reached skill level 1 in Hexes
  5732 | D:5      | Reached skill level 1 in Translocations
  6365 | D:5      | Noticed Grum
  6372 | D:5      | Killed Grum
  6437 | D:5      | Found a transporter.
  6472 | D:5      | Found a glowing silver altar of Zin.
  6526 | D:5      | Reached skill level 10 in Spellcasting
  6526 | D:5      | Reached XP level 9. HP: 45/49 MP: 17/25
  6589 | D:5      | Found a transporter.
  6597 | D:5      | Found Nikam's Elemental Accessories.
  7334 | D:5      | Found a shadowy altar of Dithmenos.
  7805 | D:6      | Offered knowledge of Shock by Vehumet.
  7879 | D:6      | Found a shattered altar of Ashenzari.
  7905 | D:6      | Learned a level 1 spell: Shock
  7907 | D:6      | Reached ** piety under Vehumet
  7911 | D:6      | Found a glowing drain.
  9042 | D:7      | Found a staircase to the Ecumenical Temple.
  9682 | D:8      | HP: 2/51 [electric eel/bolt of electricity (7)]
  9982 | D:8      | Reached skill level 5 in Dodging
 10183 | D:8      | Reached skill level 10 in Conjurations
 11308 | D:9      | Noticed a two-headed ogre
 11314 | D:9      | Killed a two-headed ogre
 11314 | D:9      | Reached skill level 5 in Hexes
 11314 | D:9      | Reached XP level 10. HP: 56/56 MP: 15/26
 11320 | D:9      | Reached skill level 11 in Spellcasting
 11322 | D:9      | Noticed a green ugly thing
 11874 | D:9      | Offered knowledge of Conjure Flame by Vehumet.
 11892 | D:9      | Killed a green ugly thing
 12384 | D:9      | Reached *** piety under Vehumet
 12393 | D:9      | Reached skill level 5 in Translocations
 12721 | D:10     | Entered Level 10 of the Dungeon
 12906 | D:10     | Noticed a gargoyle
 12916 | D:10     | Killed a gargoyle
 13528 | D:10     | Noticed a cyclops
 13696 | D:10     | Killed a cyclops
 14081 | D:11     | Noticed a purple ugly thing
 14082 | D:11     | Offered knowledge of Inner Flame by Vehumet.
 14093 | D:11     | Killed a purple ugly thing
 14093 | D:11     | Reached skill level 5 in Fighting
 14093 | D:11     | Reached XP level 11. HP: 37/63 MP: 7/28
 14313 | D:11     | Noticed a red ugly thing
 14651 | D:10     | Slain by a harpy zombie

Illustrated notes

Levels and vault maps discovered:
D:1:      erik_arrival_blinker_ship, layout_basic
D:2:      layout_basic, fountainhead, patterned_corridor,
          uniq_crazy_yiuf_cottage, uniq_sigmund
D:3:      kennysheep_big_flooded_room, layout_rooms, kiku_gazebo_pond_becter,
          overflow_temple_1_default, uniq_natasha
D:4:      layout_cave_pools, makhleb_altar_promises_db, fiery_altar_vehumet,
          serial_forest, infiniplex_forest_clump_double,
          infiniplex_forest_clump_medium, infiniplex_forest_zigzag_1,
          infiniplex_forest_clump_double, infiniplex_forest_diagonal,
          infiniplex_forest_straight_2, infiniplex_forest_diagonal,
          infiniplex_forest_end_double, uniq_grinder
D:5:      gammafunk_steamed_eel, layout_cave_pools,
          lemuel_coloured_pillars_altar, grunt_dithmenos_shadows,
          serial_gnoll_camp, grums_kennel, gnoll_camp_medium_01,
          gnoll_camp_mini_hut, gnoll_camp_mini_hut, gnoll_camp_huts_moat,
          gnoll_camp_mini_hut, nicolae_elemental_shop, uniq_eustachio
D:6:      layout_cave_pods, lemuel_doored_altar, portal_sewer_entry_a
D:7:      layout_basic, minmay_temple_entry_water_ring
D:8:      layout_basic, serial_bayou_lake_a
D:9:      layout_basic, grunt_gozag_breadcrumbs, nicolae_ru_awakened_eye,
          david_lair_generic, zombieorc2_lemuel, uniq_joseph
D:10:     layout_loops_ring, serial_glass, glass_columns_c, glass_columns_a
D:11:     layout_roguey, wad_dig_loot, uniq_josephine

Skill      XL: |  1  2  3  4  5  6  7  8  9 10 |
---------------+-------------------------------+-----
Conjurations   | 5 6 7 8 9 10 | 10.8
Spellcasting   | 4 5 6 7 8 10 11 | 11.7
Fighting       | 2 3 5 |  5.0
Hexes          | 2 5 7 |  7.2
Translocations | 2 4 5 |  5.9
Dodging        | 3 5 7 |  7.0
Stealth        | |  2.4

Action                   |  1- 3 |  4- 6 |  7- 9 | 10-12 || total
-------------------------+-------+-------+-------+-------++-------
Melee: Unarmed           |       |       |     1 |       ||     1
 Cast: Magic Dart        |    52 |    97 |   187 |    29 ||   365
       Searing Ray       |     2 |     7 |    57 |    24 ||    90
       Fulminant Prism   |       |       |    38 |    45 ||    83
       Iskenderun's Myst |       |       |     8 |     9 ||    17
       Dazzling Flash    |       |       |     2 |     3 ||     5
Evoke: Wand              |       |       |     2 |       ||     2
  Use: Scroll            |     4 |     1 |    11 |     2 ||    18
       Potion            |       |       |     3 |     1 ||     4
 Stab: Invisible         |       |       |       |     1 ||     1
Armor: Robe              |       |       |    13 |     3 ||    16
Dodge: Dodged            |     1 |    12 |    75 |    24 ||   112
       Rpst.: Great sword |       |       |       |     7 ||     7

Table legend: (Time is in decaauts)
 A = Elapsed time spent in this place.
 B = Non-inter-level travel time spent in this place.
 C = Inter-level travel time spent in this place.
 D = Time resting spent in this place.
 E = Time spent auto-exploring this place.
 F = Levels seen in this place.
 G = Mean time per level.
                   A        B        C        D        E       F      G
               +--------+--------+--------+--------+--------+-----+--------+
         Total |  14703 |  13734 |    969 |   3389 |   8500 |  11 | 1336.6 |
       Dungeon |  14703 |  13734 |    969 |   3389 |   8500 |  11 | 1336.6 |
               +--------+--------+--------+--------+--------+-----+--------+

Top non-repeatable levels by time:
     D:8: 2707 daAuts
     D:5: 2572 daAuts
     D:4: 1597 daAuts
     D:2: 1416 daAuts
     D:6: 1298 daAuts
    D:10: 1066 daAuts
     D:3: 1026 daAuts
     D:1: 934 daAuts
     D:7: 910 daAuts
    D:11: 641 daAuts
     D:9: 530 daAuts
